 Dungeon Crawl Stone Soup version 0.14-a0-3154-g428849b (webtiles) character file.

349 HollowCharge the Slasher (level 4, -7/38 HPs)
             Began as a Demigod Gladiator on Mar 9, 2014.
             Killed from afar by an orc wizard (11 damage)
             ... with a magic dart
             ... on Level 4 of the Dungeon.
             The game lasted 00:08:26 (3116 turns).

HollowCharge the Slasher (Demigod Gladiator)        Turns: 3116, Time: 00:08:26

HP  -7/38        AC  6     Str 19      XL: 4   Next: 99%
MP   7/7         EV 14     Int 12      God:
Gold 187         SH  0     Dex 18      Spells:  0 memorised,  3 levels left

rFire  . . .     SeeInvis .     e - +2 falchion
rCold  . . .     Clarity  .     A - +2 robe
rNeg   . . .     Conserve .     (no shield)
rPois  .         rCorr    .     y - +0 helmet
rElec  .         rRot     .     (no cloak)
SustAb . .       Spirit   .     q - +0 pair of gloves
rMut   .         Warding  .     (no boots)
Saprov . . .     Stasis   .     (no amulet)
MR     .....                    (no ring)
                                (no ring)

@: very slightly contaminated, not resistant to hostile enchantments, unstealthy
A: no striking features
a: no special abilities


You were on level 4 of the Dungeon.
You were not hungry.

You visited 1 branch of the dungeon, and saw 4 of its levels.

You collected 187 gold pieces.

Inventory:

Hand weapons
 a - a +0,+0 long sword
 e - a +2,+2 falchion (weapon)
Armour
 q - a +0 pair of gloves (worn)
 y - a +0 helmet (worn)
 A - a +2 robe (worn)
Magical devices
 c - a wand of random effects (15) {unknown}
Comestibles
 f - 3 bread rations
 o - a meat ration
 p - a choko
 r - a pear
 t - a chunk of adder flesh
Scrolls
 b - a scroll of identify {unknown}
 i - a scroll of remove curse
 n - 3 scrolls of teleportation
Jewellery
 h - an uncursed amulet of the gourmand {unknown}
 k - a cursed -3 ring of intelligence {unknown}
Potions
 g - a potion of agility {unknown}
 j - a potion of invisibility {unknown}
 m - a potion of berserk rage {unknown}
 x - 2 potions of curing {unknown}
Magical staves
 w - an uncursed staff of conjuration {unknown}


   Skills:
 + Level 3.0 Fighting
 + Level 3.9 Long Blades
 - Level 1.7 Throwing
 + Level 3.7 Dodging


You had 3 spell levels left.
You didn't know any spells.

Dungeon Overview and Level Annotations

Branches:
Dungeon (4/16)
 Temple: D:4-7


Message History

Aim: an orc wizard, wielding a dagger and wearing a robe (heavily wounded, moving very quickly)
You throw a throwing net [torn].
The throwing net [torn] hits the orc wizard.
The orc wizard is caught in the net!
The orc wizard is heavily wounded.
The orc wizard struggles to escape the net.
The orc wizard mumbles some strange words.
The orc wizard blinks!
You see here a throwing net [torn].
Read which item? (? for menu, Esc to quit)
Blink to where?
Press: ? - help, Dir - move target cursor, p - orc wizard
As you read the scroll of blinking, it crumbles to dust.
You are very lightly contaminated with residual magic.
You close the door.
An orc wizard opens the door.
You see here a club.
The orc wizard casts a spell at you. The magic dart hits you!
You die...

##....# #.#######
#....# #.#.....)
+....# #.#......
#....# #.#......
#....# ####.#......
#....# #....'......
#....# #.##.#......
#....###.##.#......
##@.........+......
####)#####.##.#......
#.....# #.##.#.#####
#.....# #.##.###
#.....# #.##.#
#.....# #.##..
#.....# #.##.#
#...o.# #.##.#
####'## #.# .


You could see an orc wizard.

Vanquished Creatures
  Jessica (D:3)
  3 adders
  3 gnolls (D:2)
  2 giant geckos (D:2)
  9 orcs
  5 giant cockroaches
  9 goblins
  10 hobgoblins
  4 jackals
  A kobold (D:2)
  3 quokkas
  13 bats
  5 giant newts
  15 rats
83 creatures vanquished.

Notes
Turn   | Place    | Note
--------------------------------------------------------------
     0 | D:1      | HollowCharge, the Demigod Gladiator, began the quest for the Orb.
     0 | D:1      | Reached XP level 1. HP: 17/17 MP: 2/2
   261 | D:1      | Reached XP level 2. HP: 21/24 MP: 3/3
   466 | D:1      | Reached skill level 3 in Dodging
  1048 | D:2      | Reached XP level 3. HP: 21/30 MP: 5/5
  1460 | D:2      | Reached XP level 4. HP: 4/37 MP: 7/7
  1866 | D:2      | Noticed an angel
  1868 | D:2      | Found a glowing silver altar of Zin.
  2352 | D:3      | Found a blossoming altar of Fedhas.
  2469 | D:3      | Noticed Jessica
  2478 | D:3      | Killed Jessica
  3116 | D:4      | Killed from afar by an orc wizard

Action                   |  1- 3 |  4- 6 || total
-------------------------+-------+-------++-------
Melee: Long sword        |   129 |    17 ||   146
       Falchion          |       |   109 ||   109
Throw: Throwing net      |     3 |     6 ||     9
  Use: Scroll            |     1 |     6 ||     7
 Stab: Held in net/web   |     4 |       ||     4
       Sleeping          |       |     2 ||     2
